 Dungeon Crawl Stone Soup version 0.20-a0-435-ga4f17a0 (webtiles) character file.

168988 Implojin the Warrior (level 17, -4/147 HPs)
             Began as a Mummy Chaos Knight on Jan 18, 2017.
             Slain by the bezotted 27-headed Lernaean hydra (11 damage)
             ... on level 3 of the Swamp.
             The game lasted 02:31:17 (41550 turns).

Implojin the Warrior (Mummy Chaos Knight)          Turns: 41550, Time: 02:31:17

Health: -4/147     AC: 39    Str: 27    XL:     17   Next: 9%
Magic:  17/17      EV:  6    Int: 23    God:    Xom [..*...]
Gold:   1639       SH: 18    Dex: 15    Spells: 14/16 levels left

rFire  . . .     SeeInvis .     a - +9 demon whip (venom) {what}
rCold  + + .     Gourm    .     W - +1 crystal plate armour of Baldness {rElec Regen+ Str+3 Int+3, need more str}
rNeg   + + +     Faith    .     M - +3 large shield {rC+ rF+} {nice}
rPois  ∞         Spirit   .     v - +2 helmet {Int+3}
rElec  +         Reflect  .     o - +2 cloak
rCorr  .         Harm     .     j - +2 pair of gloves
MR     ++...                    L - +0 pair of boots of Qazlal's Envy {Regen+ Int+4}
Stlth  ..........               A - amulet of magic regeneration
                                z - +2 ring of strength
                                G - +4 ring of protection

@: mighty
A: no food or potions, fire vulnerability, cold resistance 1, negative energy
resistance 3, torment resistance, unbreathing, in touch with death 1
}: 1/15 runes: decaying
a: Renounce Religion


You were on level 3 of the Swamp.
You worshipped Xom.
You were a toy of Xom.
You were not hungry.

You visited 5 branches of the dungeon, and saw 28 of its levels.
You also visited: Ice Cave.

You collected 3614 gold pieces.
You spent 1975 gold pieces at shops.

Inventory:

Hand Weapons
 a - a +9 demon whip of venom (weapon) {what}
 b - a +0 blowgun
 d - a +1 war axe of flaming
 e - the +7 Singing Sword
   (You found it in an ice cave)
 q - a +3 antimagic demon trident
 D - a +4 scimitar of flaming
 V - a +0 fustibalus
Missiles
 l - 5 curare-tipped needles
 p - 9 steel javelins
 E - 207 sling bullets
 O - 5 silver javelins (quivered)
Armour
 j - a +2 pair of gloves (worn)
 o - a +2 cloak (worn)
 v - a +2 helmet of intelligence (worn)
 L - the +0 pair of boots of Qazlal's Envy (worn) {Regen+ Int+4}
   (You found it on level 12 of the Dungeon)

   It affects your intelligence (+4).
   It increases your rate of regeneration.
 M - a +3 large shield of resistance (worn) {nice}
 W - the +1 crystal plate armour of Baldness (worn) {rElec Regen+ Str+3 Int+3, need more str}
   (You acquired it on level 11 of the Dungeon)

   It affects your strength (+3).
   It affects your intelligence (+3).
   It insulates you from electricity.
   It increases your rate of regeneration.
Magical Staves
 t - an uncursed staff of wizardry
Jewellery
 h - an uncursed ring of flight
 y - an uncursed ring of see invisible
 z - a +2 ring of strength (right hand)
 A - an amulet of magic regeneration (around neck)
 F - an uncursed ring of protection from magic
 G - a +4 ring of protection (left hand)
 I - an uncursed ring of protection from fire
 N - a +4 ring of dexterity
 R - an uncursed ring of fire
Wands
 S - a wand of disintegration (15/24)
 U - a wand of digging (17/24)
 Y - a wand of digging (15/24)
Scrolls
 c - a scroll of fear {definitely dead}
 f - 5 scrolls of recharging
 g - 4 scrolls of teleportation {probably dead}
 k - a scroll of enchant weapon
 m - 7 scrolls of magic mapping
 n - 6 scrolls of remove curse
 s - 6 scrolls of immolation
 u - 8 scrolls of fog
 w - a scroll of brand weapon
 x - a scroll of holy word
 B - 6 scrolls of identify
 H - 3 scrolls of amnesia
 Q - a scroll of vulnerability {definitely dead}
 X - a scroll of summoning {probably dead}
Books
 C - a book of the Earth

   Spells                             Type                      Level
   a - Leda's Liquefaction            Hexes/Earth                  4
   b - Bolt of Magma                  Conjuration/Fire/Earth       5
   c - Statue Form                    Transmutation/Earth          6
   d - Iron Shot                      Conjuration/Earth            6
   e - Shatter                        Earth                        9
Miscellaneous
 i - a lamp of fire {probably dead}
 P - a crystal ball of energy
 Z - a box of beasts {probably dead}


   Skills:
 - Level 17.0 Fighting
 * Level 15.0 Maces & Flails
 - Level 12.5 Armour
 - Level 8.8 Dodging
 - Level 4.0 Shields
 - Level 3.4 Unarmed Combat
 - Level 1.1 Necromancy


You had 14 spell levels left.
You knew the following spells:

 Your Spells              Type           Power        Failure   Level  Hunger
a - Animate Skeleton      Necr           N/A          100%        1    N/A
b - Pain                  Necr           #...         100%        1    N/A

Dungeon Overview and Level Annotations

Branches:
Dungeon (15/15)            Temple (1/1) D:7            Lair (6/6) D:9
  Swamp (4/4) Lair:4        Snake (0/4) Lair:3        Slime (0/5) Lair:6
    Orc (2/2) D:10            Elf (0/3) Orc:2        Vaults (0/5) D:13
 Depths (0/5) D:15

Altars:
Cheibriados
Elyvilon
Qazlal
Sif Muna
Trog
Xom
Zin
The Shining One
Beogh

Shops:
D:7 }   D:15 *=%[[   Orc:2 ?([**

Annotations:
D:4 !ogre wandering, exclusion: downstairs
D:5 wahemi82's ghost, novice MiFi
D:15 exclusion: Roxanne, Roxanne
Lair:4 exclusion: downstairs
Lair:5 exclusion: downstairs
Swamp:3 !bezotted LERNY, care, exclusion: 2 downstairs, Lernaean hydra


Innate Abilities, Weirdness & Mutations

You do not eat or drink.
Your flesh is vulnerable to fire.
You are immune to poison.
Your flesh is cold resistant. (rC+)
You are immune to negative energy. (rN+++)
You are immune to unholy pain and torment.
You can survive without breathing.
You are in touch with the powers of death.


Message History

Inscribe with what? probably dead Inscribe with what? probably dead Inscribe with what? probably dead Unknown command.
Okay, then.
Unknown command.
Unknown command.
Enter note: :i'm done, son
Okay, then.
Okay, then.
Okay, then.
Evoke which item? (* to show all) (? for menu, Esc to quit)
Okay, then.
Unknown command.
Okay, then.
Unknown command.
Enter note: :oh well
As you read the scroll of torment {probably dead}, it crumbles to dust.
You feel a surge of unholy energy.
Your tyrant leech convulses!
The bezotted 27-headed Lernaean hydra convulses!
Your tyrant leech convulses! x2
Your tyrant leech bites the bezotted 27-headed Lernaean hydra!!
Your tyrant leech draws strength from the bezotted 27-headed Lernaean hydra's injuries!
Your tyrant leech bites the bezotted 27-headed Lernaean hydra!!
Your tyrant leech draws strength from the bezotted 27-headed Lernaean hydra's injuries!
The bezotted 27-headed Lernaean hydra barely misses you.
The bezotted 27-headed Lernaean hydra bites you but does no damage. x2
The bezotted 27-headed Lernaean hydra bites you!
* * * LOW HITPOINT WARNING * * *
Xom roars with laughter!
The bezotted 27-headed Lernaean hydra bites you but does no damage.
The bezotted 27-headed Lernaean hydra bites you!
You die...

♣≈≈≈≈.♣♣≈≈.≈≈♣ ♣♣.....≈≈
♣.....≈♣♣.≈≈≈♣♣♣♣.≈≈≈≈≈≈≈
♣..≈...♣♣≈≈≈≈.♣≈..≈≈≈≈≈≈≈
♣...≈≈≈.♣.≈≈≈.≈≈≈≈≈≈≈..≈≈
♣≈..≈≈≈≈..≈≈≈≈≈≈≈≈≈≈≈..≈≈
♣♣♣≈..≈≈.≈...≈≈≈≈≈≈≈≈≈.≈≈ ♣♣♣♣
♣♣≈....≈...§§..≈≈≈≈.... ♣..♣
♣♣≈..≈♣♣≈.≈≈.≈≈≈...≈≈≈
♣.≈♣♣♣♣♣♣♣♣.≈≈@w≈≈.≈≈≈≈≈....≈♣.
♣♣..♣≈≈.≈♣♣.≈≈D............♣♣♣.
♣.....≈.♣♣♣♣≈ww≈....≈≈≈>.≈≈≈≈≈
♣♣≈.≈≈..♣≈♣♣.>≈≈≈...≈≈≈♣♣♣♣...
♣♣.......≈...≈≈≈≈≈♣♣≈♣♣♣♣...≈.
♣≈...≈≈.≈≈≈.≈≈≈≈♣♣♣♣♣♣♣♣...≈≈≈
♣♣≈.≈≈≈≈≈...≈≈≈.♣♣♣≈♣≈≈♣....≈♣
♣♣♣≈≈≈≈≈≈≈.....≈♣♣...).≈≈≈..≈♣
♣...≈≈≈≈≈≈..≈≈.≈.≈..≈≈..≈≈≈≈≈♣


You could see the bezotted 27-headed Lernaean hydra and 3 friendly tyrant
leeches.

Vanquished Creatures
  3 thorn hunters (Swamp:3)
  Louise (Swamp:2)
  3 ettins
  2 ogre magi (Orc:2)
  A yaktaur captain (D:10)
  Josephine (Orc:1)
  The ghost of BigBluFrog the Archer, a journeyman FoAK of Lugonu (Orc:2)
  22 hydras
  A catoblepas (D:15)
  5 ghost crabs
  A centaur warrior (D:13)
  15 two-headed ogres
  11 death yaks
  A tengu warrior (D:9)
  11 alligators
  4 unseen horrors
  5 cyclopes
  A sea snake (D:10)
  2 deep trolls
  A flayed ghost (D:10)
  A glowing orange brain (Orc:2)
  4 spriggan druids
  9 swamp dragons
  2 shambling mangroves (Swamp:2)
  The ghost of wahemi82 the Chopper, a novice MiFi of Nemelex Xobeh (D:5)
  A necromancer (IceCv)
  Pikel (D:6)
  A lindwurm (D:13)
  A wolf spider zombie (D:14)
  A harpy (shapeshifter) (D:15)
  14 ugly things
  A wolf spider (Lair:6)
  2 orc knights
  9 slime creatures
  An orc sorcerer (Orc:1)
  A manticore (D:13)
  12 black mambas
  A guardian serpent (Lair:6)
  4 ice statues (IceCv)
  16 spiny frogs
  A torpor snail (Lair:6)
  3 gargoyles
  A rust devil (IceCv)
  2 kobold demonologists
  An efreet (D:13)
  3 rime drakes
  6 komodo dragons
  A komodo dragon (shapeshifter) (D:15)
  A tengu conjurer (D:10)
  2 queen bees (shapeshifter)
  17 trolls
  4 ice devils (IceCv)
  7 tyrant leeches
  Grinder (D:5)
  6 bog bodies
  9 blink frogs
  A snapping turtle (D:15)
  15 hornets
  2 dream sheep (Lair:6)
  3 hippogriffs
  A dream sheep (shapeshifter) (D:15)
  Sigmund (D:5)
  7 shadows
  8 wraiths
  3 vampires
  3 redbacks
  7 spriggans
  13 wyverns
  4 water elementals
  46 yaks
  4 basilisks
  Grum (Lair:1)
  2 vampire mosquitoes (Swamp:2)
  3 hungry ghosts
  5 wargs
  2 spatial vortices (D:13)
  18 insubstantial wisps
  Menkaure (D:7)
  An acid dragon (D:15)
  14 swamp worms
  2 nagas (Lair:3)
  3 porcupines
  23 water moccasins
  14 swamp drakes
  3 sky beasts
  17 orc warriors
  An eye of draining (D:12)
  4 ice beasts
  A sky beast (shapeshifter) (Lair:1)
  3 black bears
  2 necrophages
  2 boggarts (D:15)
  3 slaves (D:6)
  13 wolves
  14 crocodiles
  31 ogres
  13 centaurs
  Blork the orc (D:5)
  4 big kobolds
  13 bullfrogs
  A wyvern zombie (D:15)
  A gnoll sergeant (D:7)
  4 scorpions
  8 killer bees
  2 electric eels (D:15)
  4 wights (D:7)
  6 howler monkeys
  8 crimson imps
  9 hounds
  5 centaur zombies
  15 orc priests
  A jelly (D:4)
  Crazy Yiuf (D:7)
  3 bullfrog skeletons
  24 orc wizards
  5 iguanas
  7 centaur skeletons
  12 worker ants
  A hell rat (Swamp:4)
  5 troll simulacra (IceCv)
  A centaur simulacrum (IceCv)
  3 hound zombies
  A hound skeleton (D:9)
  A worker ant zombie (D:7)
  8 gnolls
  18 adders
  A naga simulacrum (IceCv)
  3 ogre simulacra (IceCv)
  A river rat (D:9)
  3 shadow imps
  2 oozes
  An adder zombie (D:6)
  A worm (D:3)
  5 leopard geckos
  96 orcs
  4 ball pythons
  5 giant cockroaches
  8 goblins
  6 hobgoblins
  26 jackals
  4 quokkas
  5 bats
  4 frilled lizards
  A jackal skeleton (D:4)
  23 kobolds
  11 rats
  4 briar patches (Swamp:4)
  A plant (Lair:6)
941 creatures vanquished.

Vanquished Creatures (collateral kills)
  Nikola (Swamp:4)
  A thorn hunter (Swamp:4)
  An ice dragon (Lair:5)
  A two-headed ogre (D:8)
  Nergalle (Lair:3)
  A centaur skeleton (D:15)
  A komodo dragon (Lair:4)
  A merfolk (D:10)
  3 nagas (Lair:3)
  2 water moccasins
  A sky beast (D:8)
  A slave (D:6)
  2 bullfrogs
  An electric eel (Lair:5)
  A worker ant (D:8)
  6 orcs
  2 jackals (D:6)
27 creatures vanquished.

Vanquished Creatures (others)
  A hydra (Swamp:4)
  A shambling mangrove (Swamp:4)
  3 ugly things (D:15)
  A queen bee (shapeshifter) (D:15)
  A hornet (D:8)
  A bog body (Swamp:4)
  5 slime creatures
  3 spriggans (Swamp:4)
  A phantom (D:6)
  3 boggarts (D:15)
  A wight (D:7)
  An orc priest (Orc:1)
  A worker ant (D:8)
  A ball lightning (D:10)
  An orc (Orc:2)
  4 briar patches
  A bush (Lair:6)
  25 fungi
  18 plants
73 creatures vanquished.

Grand Total: 1041 creatures vanquished

Notes
Turn   | Place    | Note
-------+----------+-------------------------------------------
     0 | D:1      | Implojin the Mummy Chaos Knight began the quest for the Orb.
     0 | D:1      | Reached XP level 1. HP: 18/18 MP: 1/1
    58 | D:1      | XOM: potion effect (might)
   171 | D:1      | Reached XP level 2. HP: 24/24 MP: 2/2
   184 | D:1      | Reached skill level 3 in Unarmed Combat
   206 | D:2      | XOM: smoke on damage
   397 | D:2      | XOM: harmless Tloc miscast
   511 | D:1      | XOM: summons 2 hostile shadow creatures
   626 | D:1      | Reached XP level 3. HP: 27/29 MP: 3/3
   873 | D:2      | Found a white marble altar of Elyvilon.
   888 | D:2      | Reached skill level 1 in Maces & Flails
  1390 | D:2      | XOM: summons 2 hostile shadow creatures
  1622 | D:2      | XOM: harmless Tloc miscast
  1650 | D:2      | Reached XP level 4. HP: 25/36 MP: 4/4
  1699 | D:2      | XOM: summons 2 hostile demons
  1746 | D:2      | XOM: harmless Summ miscast
  1763 | D:2      | XOM is BORED!
  2013 | D:3      | You fall through a shaft for 3 floors!
  2042 | D:5      | Entered Level 5 of the Dungeon
  2049 | D:5      | Reached skill level 4 in Fighting
  2097 | D:5      | Got a spiked leather armour
  2114 | D:5      | Identified the +1 leather armour of the Vacuum {rF+ rC+ Int+3} (You found it on level 5 of the Dungeon)
  2204 | D:3      | Reached XP level 5. HP: 31/43 MP: 5/5
  2302 | D:3      | Reached skill level 5 in Fighting
  2472 | D:3      | XOM: enchant monster (bad)
  2601 | D:3      | Noticed a centaur
  2608 | D:3      | Killed a centaur
  2608 | D:3      | Reached skill level 2 in Maces & Flails
  2608 | D:3      | Reached XP level 6. HP: 46/51 MP: 6/6
  3007 | D:3      | XOM: cast spell 'Summon Mana Viper'
  3083 | D:3      | XOM: harmless Pois miscast
  3146 | D:3      | XOM: 2-stop teleportation journey
  3333 | D:3      | Found a stormy altar of Qazlal.
  3362 | D:3      | XOM: medium Summ miscast
  3363 | D:3      | Noticed a small abomination
  3413 | D:4      | XOM: harmless Tloc miscast
  3580 | D:3      | Reached skill level 3 in Maces & Flails
  3635 | D:3      | XOM: harmless Hex miscast
  3695 | D:3      | XOM: cloud trail
  4120 | D:4      | Found a snail-covered altar of Cheibriados.
  4336 | D:5      | Reached skill level 4 in Maces & Flails
  4345 | D:5      | Noticed Sigmund
  4571 | D:5      | Reached XP level 7. HP: 56/56 MP: 7/7
  4577 | D:5      | XOM: cast spell 'Ring of Flames'
  4579 | D:5      | Noticed Grinder
  4579 | D:5      | XOM: scenery: create altars
  4580 | D:5      | Killed Sigmund
  4580 | D:5      | Reached skill level 5 in Maces & Flails
  4588 | D:5      | XOM: summons friendly ufetubus
  4590 | D:5      | XOM: divination: detect items
  4590 | D:5      | Killed Grinder
  4601 | D:5      | Noticed wahemi82's ghost (novice MiFi)
  4604 | D:5      | XOM: fog
  4647 | D:5      | XOM: cleaving
  4649 | D:5      | the bezotted wahemi82's ghost gained the power of zot.
  4654 | D:5      | XOM: divination: detect items
  4782 | D:4      | XOM is BORED!
  4782 | D:4      | XOM: noise
  5133 | D:5      | XOM: confuse monster(s)
  5133 | D:5      | XOM: butterfly on damage
  5137 | D:5      | Reached skill level 6 in Maces & Flails
  5188 | D:5      | XOM: mild Chrm miscast
  5482 | D:5      | XOM: harmless Necr miscast
  5492 | D:5      | Reached XP level 8. HP: 63/63 MP: 8/8
  5534 | D:5      | XOM: divination: detect creatures
  5573 | D:5      | XOM: harmless Chrm miscast
  5639 | D:5      | Reached skill level 6 in Fighting
  5796 | D:5      | XOM: divination: magic mapping
  5842 | D:5      | XOM is BORED!
  5842 | D:5      | XOM: noise
  6004 | D:5      | Noticed Blork the orc
  6013 | D:5      | XOM: cast spell 'Excruciating Wounds'
  6268 | D:5      | XOM: butterfly on damage
  6480 | D:5      | XOM: fake destruction
  6501 | D:5      | XOM: scenery: 1 doors close
  6894 | D:6      | XOM: smoke on damage
  6931 | D:6      | Reached skill level 7 in Fighting
  6931 | D:6      | XOM: destruction
  6991 | D:6      | XOM: stat loss: -1 Dex (12/13)
  7091 | D:6      | XOM: harmless Divn miscast
  7294 | D:6      | XOM: enchant monster (bad)
  7328 | D:6      | Noticed Pikel
  7346 | D:5      | XOM is BORED!
  7353 | D:6      | XOM: summons 7 friendly demons
  7362 | D:6      | Killed Pikel
  7362 | D:6      | Reached skill level 7 in Maces & Flails
  7555 | D:6      | Reached XP level 9. HP: 72/72 MP: 9/9
  7870 | D:6      | XOM: summons 4 hostile demons
  7871 | D:6      | Noticed an ice devil
  7873 | D:6      | XOM: summons 1 hostile shadow creature
  7963 | D:6      | XOM is BORED!
  7963 | D:6      | XOM: mild Chrm miscast
  7999 | D:7      | Reached skill level 8 in Maces & Flails
  8017 | D:7      | XOM: summons 3 hostile shadow creatures
  8042 | D:7      | XOM: noise
  8045 | D:7      | XOM: enchant monster (good)
  8064 | D:7      | XOM: enchant monster (good)
  8072 | D:7      | something gained the power of zot.
  8403 | D:7      | XOM: stat loss: -1 Int (14/15)
  8410 | D:7      | something gained the power of zot.
  8423 | D:7      | XOM: stat loss: -1 Int (13/15)
  8424 | D:7      | XOM: 1-stop teleportation journey
  8435 | D:7      | Found Racot's Gadget Shop.
  8435 | D:7      | Found a staircase to the Ecumenical Temple.
  8497 | D:7      | XOM: god gift: 600 gold pieces
  8514 | D:7      | Reached skill level 9 in Maces & Flails
  8561 | D:7      | XOM: scenery: create altars
  8633 | D:7      | XOM is BORED!
  8633 | D:7      | XOM: summons 4 hostile demons
  8653 | Temple   | Entered the Ecumenical Temple
  8702 | Temple   | XOM: harmless Pois miscast
  8944 | D:7      | Found a runed door.
  8992 | D:7      | Reached skill level 8 in Fighting
  9325 | D:7      | Noticed Menkaure
  9344 | D:7      | Killed Menkaure
  9512 | D:7      | Noticed Crazy Yiuf
  9520 | D:7      | Killed Crazy Yiuf
  9661 | D:8      | XOM: noise
  9662 | D:8      | Noticed a two-headed ogre
  9664 | D:8      | XOM: summons 7 friendly demons
  9668 | D:8      | XOM: confuse monster(s)
  9677 | D:8      | XOM: confuse monster(s)
  9689 | D:8      | Killed a two-headed ogre
  9689 | D:8      | Reached skill level 9 in Fighting
  9689 | D:8      | Reached XP level 10. HP: 35/84 MP: 10/10
 10009 | D:8      | Noticed a two-headed ogre
 10015 | D:8      | XOM: cast spell 'Disjunction'
 10027 | D:8      | XOM: scenery: 2 doors open
 10030 | D:8      | Killed a two-headed ogre
 10030 | D:8      | Reached skill level 10 in Fighting
 10362 | D:8      | XOM: god gift: bubbling emerald potion {god gift}
 10363 | D:8      | XOM: polymorph eye of draining -> hornet
 10368 | D:8      | XOM: scenery: create altars
 10373 | D:8      | XOM: 1-stop teleportation journey
 10527 | D:8      | XOM: fog
 10765 | D:8      | XOM: fog
 10771 | D:8      | Reached skill level 11 in Fighting
 10942 | D:8      | XOM: divination: magic mapping
 10968 | D:8      | XOM: divine lightning (protected)
 11130 | D:8      | XOM: scenery: 1 doors close
 11320 | D:8      | XOM: cleaving
 11591 | D:9      | Noticed a tengu warrior
 11602 | D:9      | Killed a tengu warrior
 11711 | D:9      | XOM: cast spell 'Metabolic Englaciation'
 11717 | D:9      | XOM: polymorph orc wizard -> worker ant
 11720 | D:9      | Reached skill level 10 in Maces & Flails
 11720 | D:9      | XOM: polymorph worker ant -> river rat
 11758 | D:9      | Noticed a cyclops
 11767 | D:9      | XOM: harmless Air miscast
 11941 | D:9      | Found a staircase to the Lair.
 11965 | D:9      | XOM: enchant monster (bad)
 12126 | D:9      | something gained the power of zot.
 12145 | D:9      | XOM: swap monsters
 12147 | D:9      | XOM: confusion
 12385 | D:9      | Noticed a two-headed ogre
 12391 | D:9      | XOM: swap monsters
 12399 | D:9      | Killed a two-headed ogre
 12730 | D:10     | Entered Level 10 of the Dungeon
 12783 | D:10     | XOM: confusion
 12878 | D:10     | XOM: noise
 12881 | D:10     | Reached XP level 11. HP: 92/93 MP: 11/11
 12969 | D:10     | Found a runed door.
 12975 | D:10     | XOM: 1-stop teleportation journey
 12978 | D:10     | XOM: severe Air miscast
 12993 | D:10     | XOM: enchant monster (good)
 13005 | D:10     | Reached skill level 11 in Maces & Flails
 13005 | D:10     | XOM: swap monsters
 13215 | D:10     | Identified the Compendium of the Owl
 13289 | D:9      | XOM: harmless Ice miscast
 13488 | D:10     | XOM: harmless Divn miscast
 13589 | D:10     | XOM: noise
 13656 | D:10     | XOM: 8-stop teleportation journey
 13675 | D:10     | XOM: enchant monster (bad)
 13847 | D:10     | Noticed Snorg
 13886 | D:9      | XOM: scenery: create altars
 13887 | D:9      | XOM: enchant monster (good)
 13895 | Lair:1   | Entered Level 1 of the Lair of Beasts
 13996 | Lair:1   | Reached skill level 1 in Dodging
 14062 | Lair:1   | XOM: summons 8 friendly demons
 14162 | Lair:1   | Reached skill level 2 in Dodging
 14437 | Lair:1   | XOM is BORED!
 14437 | Lair:1   | XOM: summons 5 hostile demons
 14597 | Lair:1   | Reached skill level 3 in Dodging
 14687 | Lair:1   | XOM: polymorph wolf -> howler monkey
 14689 | Lair:1   | XOM: noise
 14696 | Lair:1   | XOM: enchant monster (good)
 14699 | Lair:1   | XOM: scenery: 1 doors open, 1 doors close
 14701 | Lair:1   | XOM: enchant monster (good)
 14719 | Lair:1   | Reached skill level 4 in Dodging
 14734 | Lair:1   | XOM: snakes to sticks
 14738 | Lair:1   | XOM: scenery: 1 doors open, 1 doors close
 14828 | Lair:1   | XOM: 5-stop teleportation journey
 14835 | Lair:1   | XOM: 3-stop teleportation journey
 14860 | Lair:1   | XOM: summons friendly shadow imp
 14880 | Lair:1   | XOM: polymorph blink frog -> sky beast
 14887 | Lair:1   | XOM: harmless Summ miscast
 15182 | Lair:1   | XOM: harmless Chrm miscast
 15214 | Lair:1   | Noticed Grum
 15217 | Lair:1   | XOM: potion effect (invisibility)
 15233 | Lair:1   | Killed Grum
 15233 | Lair:1   | Reached skill level 5 in Dodging
 15235 | Lair:1   | XOM: harmless Tmut miscast
 15548 | Lair:2   | XOM: god gift: leather armour {god gift}
 15720 | Lair:2   | XOM: medium Necr miscast
 15953 | Lair:2   | Reached skill level 6 in Dodging
 15979 | Lair:2   | Noticed a six-headed hydra
 15987 | Lair:2   | Killed a six-headed hydra
 16174 | Lair:2   | XOM: silly message
 16181 | Lair:2   | XOM: divination: detect creatures
 16466 | Lair:2   | XOM: harmless Pois miscast
 16552 | Lair:2   | Reached skill level 7 in Dodging
 16639 | Lair:2   | XOM: 1-stop teleportation journey
 16687 | Lair:2   | XOM: enchant monster (good)
 16702 | Lair:2   | XOM: medium Air miscast
 16719 | Lair:2   | XOM: scenery: 1 doors open
 16720 | Lair:2   | a bezotted yak gained the power of zot.
 17229 | Lair:3   | Reached XP level 12. HP: 95/100 MP: 12/12
 17235 | Lair:3   | XOM: god gift: robe {god gift}
 17250 | Lair:3   | Noticed Nergalle
 17262 | Lair:3   | Killed Nergalle
 17305 | Lair:3   | Reached skill level 8 in Dodging
 17314 | Lair:3   | Found a staircase to the Snake Pit.
 17789 | Lair:3   | XOM: god gift: scroll labeled DIQOLOXZEI {god gift}
 17792 | Lair:3   | XOM: cleaving
 18060 | Lair:3   | XOM: scenery: create altars
 18301 | Lair:3   | XOM: scenery: create altars
 18420 | Lair:3   | XOM: confuse monster(s)
 18421 | Lair:3   | XOM: cleaving
 18423 | Lair:3   | XOM: summons 2 hostile demons
 18435 | Lair:3   | Reached skill level 2 in Armour
 18570 | Lair:4   | XOM is BORED!
 18570 | Lair:4   | XOM: 1-stop teleportation journey
 18575 | Lair:4   | XOM: summons friendly white imp
 18693 | Lair:4   | XOM: enchant monster (good)
 18709 | Lair:4   | XOM: summons friendly shadow imp
 18710 | Lair:4   | Reached skill level 3 in Armour
 18727 | Lair:4   | XOM: noise
 18734 | Lair:4   | XOM: smoke on damage
 18964 | Lair:4   | XOM: summons 7 friendly demons
 18981 | Lair:4   | XOM: harmless Tmut miscast
 19017 | Lair:4   | Reached skill level 4 in Armour
 19169 | Lair:4   | Found a staircase to the Swamp.
 19298 | Lair:4   | XOM: blink monster(s)
 19370 | Lair:4   | Learned a level 1 spell: Animate Skeleton
 19372 | Lair:4   | Learned a level 1 spell: Pain
 19789 | Lair:5   | XOM: polymorph black mamba -> something unseen
 19805 | Lair:5   | something gained the power of zot.
 20299 | Lair:5   | XOM: 2-stop teleportation journey
 20378 | Lair:5   | Noticed an ice dragon
 20386 | Lair:5   | Killed an ice dragon
 20461 | Lair:5   | Noticed an eight-headed hydra
 20461 | Lair:5   | XOM: harmless Summ miscast
 20476 | Lair:5   | XOM: summons 3 friendly demons
 20893 | Lair:4   | XOM: harmless Necr miscast
 21042 | Lair:4   | Reached skill level 12 in Fighting
 21368 | Lair:5   | XOM: noise
 21375 | Lair:5   | XOM: noise
 21460 | Lair:6   | Entered Level 6 of the Lair of Beasts
 21469 | Lair:6   | Found a staircase to the Slime Pits.
 21612 | Lair:6   | XOM: enchant monster (good)
 21660 | Lair:6   | Noticed a seven-headed hydra
 21844 | Lair:5   | XOM: harmless Conj miscast
 21869 | Lair:5   | XOM: harmless Ice miscast
 21970 | Lair:6   | Noticed a death yak
 21971 | Lair:6   | Noticed a death yak
 21972 | Lair:6   | Noticed a death yak
 21972 | Lair:6   | Noticed a death yak
 21975 | Lair:6   | Noticed a death yak
 21988 | Lair:6   | XOM: harmless Air miscast
 21996 | Lair:6   | Killed a death yak
 21996 | Lair:6   | XOM: harmless Chrm miscast
 22001 | Lair:6   | XOM: harmless Tmut miscast
 22002 | Lair:6   | XOM: potion effect (agility)
 22024 | Lair:6   | XOM: enchant monster (good)
 22038 | Lair:6   | Killed a death yak
 22043 | Lair:6   | a bezotted spiny frog gained the power of zot.
 22052 | Lair:6   | a bezotted seven-headed hydra gained the power of zot.
 22053 | Lair:6   | something gained the power of zot.
 22084 | Lair:5   | XOM: confusion (+ monsters)
 22090 | Lair:5   | XOM: destruction
 22108 | Lair:5   | XOM: cloud trail
 22120 | Lair:4   | XOM: god gift: glowing quick blade {god gift}
 22183 | Lair:4   | XOM: god gift: 23 gold pieces
 22390 | Lair:4   | XOM: 2-stop teleportation journey
 22497 | D:9      | XOM: 4-stop teleportation journey
 22721 | D:9      | Noticed a two-headed ogre
 22730 | D:9      | XOM: scenery: create altars
 22734 | D:9      | XOM: scenery: create altars
 22740 | D:9      | Killed a two-headed ogre
 22740 | D:9      | Reached skill level 12 in Maces & Flails
 22894 | D:9      | XOM: butterfly on damage
 23207 | D:8      | XOM: god gift: runed triple sword {god gift}
 23222 | D:9      | Reached skill level 1 in Shields
 23223 | D:9      | XOM is BORED!
 23223 | D:9      | XOM: summons 6 hostile demons
 23236 | D:9      | a bezotted white imp gained the power of zot.
 23434 | D:10     | XOM: god gift: 25 gold pieces
 23474 | D:10     | Found a staircase to the Orcish Mines.
 23538 | D:10     | Noticed a two-headed ogre
 23540 | D:10     | XOM: harmless Necr miscast
 23542 | D:10     | a two-headed ogre changed into a sea snake
 23542 | D:10     | XOM: polymorph two-headed ogre -> sea snake
 23544 | D:10     | XOM: noise
 23546 | D:10     | XOM: confusion
 23554 | D:10     | XOM: noise
 23566 | D:10     | Reached skill level 2 in Shields
 23808 | D:10     | XOM: medium Conj miscast
 23825 | D:10     | Noticed Snorg
 23825 | D:10     | Snorg changed into Snorg the ghost crab
 23825 | D:10     | XOM: polymorph Snorg -> Snorg the ghost crab
 23876 | Orc:1    | Entered Level 1 of the Orcish Mines
 23917 | Orc:1    | Gained mutation: You are in touch with the powers of death. [Mummy growth]
 23917 | Orc:1    | Reached XP level 13. HP: 95/108 MP: 13/13
 24071 | Orc:1    | XOM: medium Chrm miscast
 24084 | Orc:2    | Entered Level 2 of the Orcish Mines
 24103 | Orc:2    | XOM: smoke on damage
 24191 | Orc:2    | Noticed an ettin
 24246 | Orc:1    | Reached skill level 3 in Shields
 24299 | Orc:1    | XOM: harmless Erth miscast
 24353 | Orc:2    | Found a staircase to the Elven Halls.
 24365 | Orc:2    | Found Sauma's Magic Scroll Emporium.
 24374 | Orc:2    | Bought a scroll of acquirement for 832 gold pieces
 24423 | Orc:2    | Bought a scroll of blinking for 120 gold pieces
 24466 | Orc:2    | Noticed BigBluFrog's ghost (journeyman FoAK)
 24513 | Orc:2    | Killed BigBluFrog's ghost
 24574 | Orc:2    | XOM: severe Hex miscast
 24588 | Orc:2    | XOM: chaos cloud
 24589 | Orc:2    | Paralysed by you for 7 turns
 24614 | Orc:2    | Found a roughly hewn altar of Beogh.
 24720 | Orc:2    | XOM: summons 1 hostile demon
 24942 | Orc:2    | XOM: severe Conj miscast
 24954 | Orc:2    | Reached skill level 4 in Shields
 25229 | Orc:2    | XOM: chaos upgrade
 25324 | Orc:2    | Killed an ettin
 25324 | Orc:2    | XOM: summons friendly shadow imp
 25344 | Orc:2    | XOM: polymorph cyclops -> glowing orange brain
 25357 | Orc:2    | XOM: enchant monster (bad)
 25474 | Orc:1    | XOM: 1-stop teleportation journey
 25535 | Orc:2    | XOM: swap monsters
 25552 | Orc:1    | Reached skill level 13 in Fighting
 25568 | Orc:2    | XOM: butterfly on damage
 25671 | Orc:1    | XOM: harmless Erth miscast
 25778 | Orc:2    | XOM: silly message
 25993 | Orc:2    | XOM: swap monsters
 26141 | Orc:2    | XOM: swap monsters
 26163 | Orc:2    | Noticed Josephine
 26287 | Orc:2    | XOM: confusion (+ monsters)
 26315 | Orc:2    | XOM: cast spell 'Summon Small Mammal'
 26343 | Orc:2    | Reached skill level 14 in Fighting
 26369 | Orc:1    | Killed Josephine
 26513 | Orc:2    | Found Beicsit's Antique Weapon Shoppe.
 26518 | Orc:2    | XOM: butterfly on damage
 26705 | Orc:2    | XOM: summons 6 hostile demons
 27082 | Orc:2    | Found Wecipt's Assorted Antiques.
 27083 | Orc:2    | Found Vaom's Assorted Antiques.
 27099 | Orc:2    | Found Anai's Antique Armour Emporium.
 27323 | Orc:2    | Bought a runed helmet for 273 gold pieces
 27343 | Orc:2    | Bought a dazzling scale mail for 216 gold pieces
 27343 | Orc:2    | Bought a pair of runed gloves for 252 gold pieces
 27377 | Orc:2    | Identified the cursed +0 scale mail "Zytzyoli" {rElec} (You bought it in a shop on level 2 of the Orcish Mines)
 27437 | Orc:2    | Bought 3 scrolls of identify for 96 gold pieces
 27481 | Orc:2    | Bought a brass ring for 130 gold pieces
 27493 | Orc:2    | XOM: summons 3 hostile shadow creatures
 27566 | Orc:2    | Bought a scroll of fear for 56 gold pieces
 27573 | Orc:2    | XOM: summons 6 hostile demons
 27597 | Orc:2    | XOM: god gift: 7 steel javelins
 28070 | Lair:5   | Reached skill level 15 in Fighting
 28274 | Lair:5   | XOM: destruction
 28279 | Lair:5   | XOM: confuse monster(s)
 28294 | Lair:5   | Reached XP level 14. HP: 106/123 MP: 14/14
 28372 | Lair:5   | XOM: noise
 28565 | Lair:5   | XOM: confusion (+ monsters)
 28662 | Lair:5   | XOM: mild Fire miscast
 28701 | Lair:5   | XOM: potion effect (curing)
 28726 | Lair:5   | XOM: cast spell 'Confusing Touch'
 28732 | Lair:5   | XOM: fake destruction
 29016 | Lair:6   | XOM: enchant monster (good)
 29017 | Lair:6   | XOM: divination: detect creatures
 29278 | Lair:6   | Reached skill level 13 in Maces & Flails
 29386 | Lair:6   | XOM: enchant monster (bad)
 29690 | Lair:6   | XOM: confuse monster(s)
 29692 | Lair:6   | XOM: polymorph hornet -> sky beast
 29696 | Lair:6   | XOM: silly message
 29719 | Lair:6   | XOM: confuse monster(s)
 29827 | Lair:6   | XOM: enchant monster (bad)
 30315 | Lair:6   | XOM: potion effect (agility)
 30324 | Lair:6   | XOM: smoke on damage
 30394 | Lair:6   | XOM: harmless Tmut miscast
 30406 | Lair:6   | XOM: mild Necr miscast
 30592 | Lair:6   | XOM: noise
 30601 | Lair:6   | XOM: enchant monster (good)
 30612 | Lair:6   | XOM: confusion (+ monsters)
 30612 | Lair:6   | a bezotted death yak gained the power of zot.
 30617 | Lair:6   | XOM: silly message
 30644 | Lair:6   | Reached skill level 14 in Maces & Flails
 30941 | Lair:6   | XOM: mild Divn miscast
 31067 | Lair:2   | XOM: mild Hex miscast
 31330 | D:5      | Killed the bezotted wahemi82's ghost
 31395 | D:5      | Killed Blork the orc
 31713 | D:10     | XOM: blink monster(s)
 32058 | D:10     | XOM: silly message
 32092 | D:10     | XOM is BORED!
 32092 | D:10     | XOM: noise
 32178 | D:10     | Killed Snorg the ghost crab
 32369 | D:11     | Got a transparent crystal plate armour
 32370 | D:11     | Identified the +1 crystal plate armour of Baldness {rElec Regen+ Str+3 Int+3} (You acquired it on level 11 of the Dungeon)
 32453 | D:11     | Found a frozen archway.
 32531 | IceCv    | Entered an ice cave
 32566 | IceCv    | XOM: polymorph ice devil -> rust devil
 32735 | IceCv    | XOM: medium Hex miscast
 33095 | D:11     | XOM: confuse monster(s)
 33133 | D:11     | XOM: 1-stop teleportation journey
 33140 | D:11     | Reached skill level 15 in Maces & Flails
 33140 | D:11     | Reached XP level 15. HP: 129/129 MP: 15/15
 33249 | D:11     | XOM: summons 1 hostile demon
 33399 | D:12     | XOM: harmless Tloc miscast
 33401 | D:12     | XOM: confusion (+ monsters)
 33402 | D:12     | XOM: harmless Chrm miscast
 33441 | D:12     | XOM: silly message
 33480 | D:12     | XOM: noise
 33485 | D:12     | XOM: harmless Summ miscast
 33489 | D:12     | Reached skill level 5 in Armour
 33603 | D:12     | XOM: smoke on damage
 33612 | D:12     | XOM: swap monsters
 33909 | D:12     | Got a pair of ancient boots
 33915 | D:12     | Identified the +0 pair of boots of Qazlal's Envy {Regen+ Int+4} (You found it on level 12 of the Dungeon)
 34236 | D:13     | Reached skill level 6 in Armour
 34274 | D:13     | XOM: 2-stop teleportation journey
 34391 | D:13     | XOM: medium Summ miscast
 34393 | D:13     | XOM: divination: detect items
 34459 | D:13     | XOM: summons 1 hostile demon
 34644 | D:13     | XOM: fog
 34681 | D:13     | XOM: stat loss: -1 Dex (18/19)
 34691 | D:13     | Found a gate to the Vaults.
 34731 | D:13     | You fall through a shaft!
 34888 | D:13     | XOM: noise
 34892 | D:13     | Reached skill level 7 in Armour
 34970 | D:13     | XOM: blink monster(s)
 35145 | D:14     | XOM: harmless Divn miscast
 35375 | D:14     | XOM: stat loss: -1 Str (19/20)
 35615 | D:14     | XOM: summons 1 hostile demon
 35670 | D:14     | Reached skill level 8 in Armour
 35709 | D:14     | XOM: cast spell 'Excruciating Wounds'
 35746 | D:14     | Xom guffaws. _Your +9 demon whip of venom shrieks in agony.
 35746 | D:14     | :okay then
 35746 | D:14     | :i wonder if thats new
 35746 | D:14     | :never noticed it before
 35838 | D:14     | XOM: swap monsters
 35846 | D:14     | Reached skill level 1 in Necromancy
 35883 | D:14     | XOM: summons 1 hostile shadow creature
 35886 | D:14     | :oh
 35886 | D:14     | :temporary
 35886 | D:14     | :that makes more sense
 35903 | D:15     | Entered Level 15 of the Dungeon
 35903 | D:15     | Found Emagidel's Food Shoppe.
 35935 | D:15     | Found Usiqo's Jewellery Shoppe.
 36089 | D:15     | Noticed Urug
 36100 | D:15     | XOM: cast spell 'Alistair's Intoxication'
 36111 | D:15     | XOM: cast spell 'Excruciating Wounds'
 36131 | D:15     | Urug changed into Urug the moth of wrath
 36131 | D:15     | XOM: polymorph Urug -> Urug the moth of wrath
 36146 | D:15     | XOM: divination: magic mapping
 36247 | D:15     | Reached skill level 9 in Armour
 36248 | D:15     | XOM: noise
 36251 | D:15     | XOM: enchant monster (bad)
 36261 | D:15     | XOM: potion effect (brilliance)
 36273 | D:15     | XOM: polymorph ogre mage -> snapping turtle
 36366 | D:15     | XOM: enchant monster (good)
 36379 | D:15     | XOM: divine lightning
 36429 | D:15     | Noticed Roxanne
 36532 | D:15     | Found Caulejem's Armour Boutique.
 36533 | D:15     | Found Tububeibu's Armour Shop.
 36533 | D:15     | XOM: cast spell 'Leda's Liquefaction'
 36560 | D:15     | gloves
 36586 | D:15     | XOM: cast spell 'Summon Dragon'
 36628 | D:15     | XOM: smoke on damage
 36769 | D:15     | XOM: fog
 36803 | D:15     | XOM: blink monster(s)
 36815 | D:15     | XOM: noise
 36827 | D:15     | XOM: summons 4 hostile shadow creatures
 36832 | D:15     | XOM: summons 7 hostile demons
 36840 | D:15     | XOM: noise
 36958 | D:15     | Found Orphaffa's General Store.
 36985 | D:15     | XOM: noise
 36987 | D:15     | Reached skill level 10 in Armour
 36992 | D:15     | XOM: noise
 37008 | D:15     | XOM: summons 1 hostile demon
 37015 | D:15     | XOM: medium Hex miscast
 37023 | D:15     | a bezotted red ugly thing gained the power of zot.
 37027 | D:15     | XOM: fog
 37032 | D:15     | XOM: divine lightning
 37034 | D:15     | a bezotted red ugly thing gained the power of zot.
 37038 | D:15     | XOM: divine lightning
 37045 | D:15     | something gained the power of zot.
 37046 | D:15     | XOM: polymorph ogre mage -> swamp worm
 37062 | D:15     | XOM: divine lightning
 37070 | D:15     | XOM: enchant monster (good)
 37074 | D:15     | XOM: polymorph redback -> floating eye
 37078 | D:15     | Paralysed by a floating eye for 4 turns
 37162 | D:15     | Found a staircase to the Depths.
 37168 | D:15     | XOM: god gift: granite ring {god gift}
 37539 | Lair:3   | XOM: medium Pois miscast
 37557 | Swamp:1  | Entered Level 1 of the Swamp
 37621 | Swamp:1  | XOM: summons friendly crimson imp
 37661 | Swamp:1  | XOM: scenery: create altars
 37712 | Swamp:1  | XOM: cloud trail
 37833 | Swamp:1  | XOM: summons friendly quasit
 38016 | Swamp:1  | XOM: god gift: lamp of fire
 38026 | Swamp:1  | XOM: scenery: create altars
 38052 | Swamp:1  | XOM: enchant monster (good)
 38158 | Swamp:1  | Reached XP level 16. HP: 129/136 MP: 16/16
 38184 | Swamp:1  | XOM: confuse monster(s)
 38321 | Swamp:2  | XOM: stealth player
 38466 | Swamp:2  | Noticed Louise
 38480 | Swamp:2  | XOM: confuse monster(s)
 38505 | Swamp:2  | Reached skill level 11 in Armour
 38516 | Swamp:2  | Killed Louise
 38797 | Swamp:2  | XOM: cast spell 'Olgreb's Toxic Radiance'
 38832 | Swamp:2  | Got a dazzling dire flail
 38833 | Swamp:2  | Identified the +3 dire flail of Duty {freeze, Int+5} (You found it on level 2 of the Swamp)
 38968 | Swamp:2  | XOM: harmless Fire miscast
 39054 | Swamp:2  | XOM: summons 2 hostile shadow creatures
 39115 | Swamp:2  | XOM: blink monster(s)
 39122 | Swamp:2  | XOM: confuse monster(s)
 39134 | Swamp:2  | XOM: blink monster(s)
 39171 | Swamp:2  | XOM: mild Tmut miscast
 39251 | Swamp:2  | XOM: summons 14 friendly demons
 39321 | Swamp:3  | XOM: noise
 39324 | Swamp:3  | Noticed a thorn hunter
 39343 | Swamp:3  | Killed a thorn hunter
 39349 | Swamp:3  | Reached skill level 12 in Armour
 39351 | Swamp:3  | XOM: noise
 39357 | Swamp:3  | Noticed a thorn hunter
 39438 | Swamp:3  | XOM: 1-stop teleportation journey
 39443 | Swamp:3  | XOM: swap monsters
 39451 | Swamp:3  | XOM: medium Tloc miscast
 39706 | Swamp:3  | XOM: enchant monster (bad)
 39709 | Swamp:3  | Killed a thorn hunter
 39775 | Swamp:3  | XOM: harmless Fire miscast
 39783 | Swamp:3  | XOM: harmless Summ miscast
 39784 | Swamp:3  | XOM: scenery: create altars
 40013 | Swamp:3  | XOM: cast spell 'Excruciating Wounds'
 40014 | Swamp:3  | XOM: scenery: create altars
 40032 | Swamp:3  | XOM: cast spell 'Leda's Liquefaction'
 40051 | Swamp:3  | XOM: fog
 40259 | Swamp:4  | Entered Level 4 of the Swamp
 40342 | Swamp:4  | XOM: polymorph swamp drake -> hell rat
 40407 | Swamp:4  | XOM: god gift: forked wooden wand {god gift}
 40410 | Swamp:4  | XOM: confuse monster(s)
 40465 | Swamp:4  | Noticed the 27-headed Lernaean hydra
 40491 | Swamp:4  | Noticed a thorn hunter
 40511 | Swamp:3  | Killed a thorn hunter
 40511 | Swamp:3  | Reached skill level 16 in Fighting
 40592 | Swamp:4  | XOM: scenery: create altars
 40594 | Swamp:4  | XOM: confuse monster(s)
 40599 | Swamp:4  | XOM: confuse monster(s)
 40600 | Swamp:4  | Noticed a thorn hunter
 40609 | Swamp:4  | XOM: divination: magic mapping
 40612 | Swamp:4  | a bezotted alligator gained the power of zot.
 40617 | Swamp:4  | XOM: confuse monster(s)
 40627 | Swamp:4  | XOM: summons friendly ufetubus
 40629 | Swamp:4  | Killed a thorn hunter
 40643 | Swamp:4  | XOM: cast spell 'Call Canine Familiar'
 40649 | Swamp:4  | XOM: cast spell 'Cause Fear'
 40655 | Swamp:4  | XOM: confuse monster(s)
 40657 | Swamp:4  | XOM: enchant monster (bad)
 40661 | Swamp:4  | XOM: blink monster(s)
 40664 | Swamp:4  | Noticed Nikola
 40664 | Swamp:4  | :hmm
 40674 | Swamp:4  | XOM: summons 3 friendly demons
 40689 | Swamp:4  | XOM: blink monster(s)
 40797 | Swamp:4  | XOM: summons friendly iron imp
 40800 | Swamp:4  | the bezotted 27-headed Lernaean hydra gained the power of zot.
 40802 | Swamp:3  | XOM: swap monsters
 40805 | Swamp:3  | XOM: divination: detect creatures
 40929 | Swamp:3  | XOM: god gift: arbalest {god gift}
 40945 | Swamp:3  | :also i should be dead now
 40981 | Swamp:4  | XOM: cast spell 'Monstrous Menagerie'
 40984 | Swamp:4  | Killed Nikola
 40984 | Swamp:4  | Reached XP level 17. HP: 146/146 MP: 17/17
 41014 | Swamp:4  | a bezotted swamp drake gained the power of zot.
 41087 | Swamp:4  | XOM: confuse monster(s)
 41260 | Swamp:4  | Reached skill level 17 in Fighting
 41382 | Swamp:4  | XOM: cloud trail
 41389 | Swamp:4  | Got a decaying rune of Zot
 41546 | Swamp:3  | :asdfg
 41548 | Swamp:3  | XOM: potion effect (might)
 41550 | Swamp:3  | :right
 41550 | Swamp:3  | :movedelay
 41550 | Swamp:3  | :-.-
 41550 | Swamp:3  | :i'm done, son
 41550 | Swamp:3  | :oh well
 41550 | Swamp:3  | HP: 7/147 [the bezotted 27-headed Lernaean hydra (11)]
 41550 | Swamp:3  | Slain by the bezotted 27-headed Lernaean hydra

Vault maps used:
D:1:      dpeg_arrival_ratfight, minmay_tromino_mix6
D:2:      elyvilon_altar_5
D:3:      grunt_qazlal_sundering
D:4:      cheibriados_altar_1
D:5:      wad_crossroads, first_bread, grunt_ministairs_4, uniq_sigmund,
          uniq_blork_the_orc, uniq_grinder
D:6:      uniq_pikel
D:7:      serial_shops, shop, uniq_menkaure, uniq_crazy_yiuf_cottage
D:8:      kennysheep_generic_room_14
D:9:      erik_lair_orcish_takeover
D:10:     hiddenorc1_lemuel, hangedman_fish_farm, minivault_13, uniq_snorg
D:11:     portal_ice_cave_rime
D:12:     kennysheep_generic_room_7
D:13:     david_vaults_4
D:14:     moated_statue
D:15:     gammafunk_enter_depths_forms, serial_shops, shop, shop, shop,
          shop_fountains, nicolae_shop_trees, uniq_urug, uniq_roxanne
Temple:   nicolae_temple_the_god_donut
Lair:1:   uniq_grum
Lair:2:   grunt_megastairs_4
Lair:3:   minmay_snake_entry_guardpost_medium, uniq_nergalle
Lair:4:   swamp_mist
Lair:5:   dragon1_lemuel, grunt_megastairs_3, lemuel_fruit_tree
Lair:6:   hangedman_lair_tendril_chambers, dpeg_slime_entry_corner
Swamp:1:  serial_swamp_ruin, evilmike_swamp_ruin_rubble_1,
          evilmike_swamp_ruin_house_2, infiniplex_staircase_pool
Swamp:2:  evilmike_swamp_ruin_house_3, uniq_louise
Swamp:3:  hangedman_swamp_ruin_wall
Swamp:4:  swamp_basic_johnstein, swamp_pool1, uniq_nikola
Orc:2:    st_orc_open, basic_altar, serial_shops, shop, uniq_josephine
IceCv:    ice_cave_tombish

Skill      XL: |  1  2  3  4  5  6  7  8  9 10 11 12 13 14 15 16 17 |
---------------+----------------------------------------------------+-----
Unarmed Combat | 3 |  3.4
Maces & Flails | 1 2 4 6 7 9 10 11 12 15 | 15.0
Fighting       | 4 5 7 9 11 12 15 16 17 | 17.0
Dodging        | 7 8 |  8.8
Armour         | 4 10 12 | 12.5
Shields        | 2 4 |  4.0
Necromancy     | 1 |  1.1

Action                   |  1- 3 |  4- 6 |  7- 9 | 10-12 | 13-15 | 16-18 || total
-------------------------+-------+-------+-------+-------+-------+-------++-------
Melee: Unarmed           |    90 |    16 |       |       |       |       ||   106
       Whip              |    33 |   250 |   326 |   413 |       |       ||  1022
       Punch             |     4 |       |       |       |       |       ||     4
       Dagger            |    62 |       |    39 |       |       |       ||   101
       Mace              |       |       |   143 |       |       |       ||   143
       Morningstar       |       |       |    11 |       |       |       ||    11
       Flail             |       |       |       |   886 |    31 |       ||   917
       Demon whip        |       |       |       |       |  1979 |   730 ||  2709
Throw: Throwing net      |     1 |       |     1 |     1 |       |       ||     3
       Javelin           |       |       |       |     3 |     6 |       ||     9
       Tomahawk          |       |       |       |       |     5 |       ||     5
Evoke: Wand              |       |       |       |    24 |     1 |       ||    25
  Use: Scroll            |     6 |     3 |     8 |    18 |    25 |    11 ||    71
 Stab: Sleeping          |       |     1 |     1 |     1 |       |       ||     3
       Distracted        |       |       |     1 |     1 |     2 |     1 ||     5
       Held in net/web   |       |       |     1 |       |       |       ||     1
       Confused          |       |       |       |     6 |     8 |     7 ||    21
       Invisible         |       |       |       |     2 |       |       ||     2
       Petrified         |       |       |       |     7 |     7 |       ||    14
       Petrifying        |       |       |       |       |     2 |       ||     2
       Fleeing           |       |       |       |       |       |     1 ||     1
Armor: Leather armour    |    68 |   135 |   173 |   312 |       |       ||   688
       Ring mail         |       |       |       |    67 |   211 |       ||   278
       Crystal plate arm |       |       |       |       |   516 |   551 ||  1067
Dodge: Dodged            |    97 |   123 |   218 |   687 |   453 |    94 ||  1672
Block: Buckler           |     4 |    35 |    61 |   138 |    82 |       ||   320
       Large shield      |       |       |       |       |   679 |   517 ||  1196

Table legend:
 A = Turns spent in this place as a percentage of turns spent in the entire game.
 B = Non-inter-level travel turns spent in this place as a percentage of non-inter-level travel turns spent in the entire game.
 C = Inter-level travel turns spent in this place as a percentage of turns spent in this place.
 D = Turns resting spent in this place as a percentage of non-inter-level travel turns spent in this place.
 E = Turns spent auto-exploring this place as a percentage of non-inter-level travel turns spent in this place.
 F = Non-inter-level travel turns spent in this place divided by the number of levels of this place that you've seen.
                   A       B       C       D       E      F
               +-------+-------+-------+-------+-------+----------------------
         Total | 100.0 | 100.0 |   0.5 |   3.2 |   5.2 | 506.5
       Dungeon |  50.0 |  50.0 |   0.5 |   3.2 |   6.6 | 489.9
        Temple |   0.0 |   0.0 |   0.0 |  66.7 |   0.0 |   6.0
          Lair |  23.0 |  22.9 |   0.8 |   3.5 |   4.8 | 561.5
         Swamp |  13.5 |  13.6 |   0.3 |   1.3 |   4.7 | 498.2
  Orcish Mines |  11.0 |  11.0 |   0.6 |   4.8 |   1.7 | 807.5
      Ice Cave |   2.4 |   2.4 |   0.0 |   0.6 |   0.6 | 357.0
               +-------+-------+-------+-------+-------+----------------------

Table legend:
 A = Kills in this place as a percentage of kills in entire the game.
 B = Kills by you in this place as a percentage of kills by you in the entire game.
 C = Kills by friends in this place as a percentage of kills by friends in the entire game.
 D = Other kills in this place as a percentage of other kills in the entire game.
 E = Experience gained in this place as a percentage of experience gained in the entire game.
 F = Experience gained in this place divided by the number of levels of this place that you have seen.
                   A       B       C       D       E      F
               +-------+-------+-------+-------+-------+----------------------
         Total | 100.0 | 100.0 | 100.0 | 100.0 | 100.0 | 7684.2
       Dungeon |  55.5 |  56.4 |  42.3 |  33.3 |  32.4 | 4807.9
          Lair |  17.3 |  17.0 |  42.3 |   0.0 |  21.5 | 7968.8
         Swamp |  16.3 |  15.4 |   7.7 |  66.7 |  33.4 | 18582.8
  Orcish Mines |   8.9 |   9.1 |   7.7 |   0.0 |  10.9 | 12101.5
      Ice Cave |   2.1 |   2.2 |   0.0 |   0.0 |   2.0 | 4375.0
               +-------+-------+-------+-------+-------+----------------------
